 Dungeon Crawl Stone Soup version 0.29-a0-330-g52719c12eb (webtiles) character file.

Game seed: 9770636374301625877

1635532 Aelig the Hoplite (level 26, 242/242 HPs)
             Began as a Mummy Fighter on May 16, 2022.
             Was the Champion of Ashenzari.
             Escaped with the Orb
             ... and 3 runes!
             The game lasted 04:24:43 (73561 turns).

Aelig the Hoplite (Mummy Fighter)                  Turns: 73561, Time: 04:24:44

Health: 242/242    AC: 43    Str: 32    XL:     26   Next: 75%
Magic:  25/25      EV: 23    Int: 18    God:    Ashenzari [******]
Gold:   8051       SH: 37    Dex: 28    Spells: 27/27 levels left

rFire   + . .      SeeInvis +   a - +6 broad axe "Prophetic Adversity" {freeze, Fort, Self} (curse)
rCold   + + +      Faith    .   J - +8 tower shield of the Unyielding Gaze {Drain Regen+ rCorr Int-2 Dex+9, Range, Fort} (curse)
rNeg    + + +      Spirit   .   F - +10 plate armour "Bitterness of Ashenzari" {rF+, Fort, Self} (curse)
rPois   ∞          Reflect  .   o - +0 hat "Profound Sorrow" {Str+4 Int+4, Self, Melee} (curse)
rElec   +          Harm     .   T - scarf of the Sibylline Seer {rC+ rF+, Fort, Self} (curse)
rCorr   +          Rampage  .   r - +1 pair of gloves "Ruined Entitlement" {Int+2 Dex+5, Fort, Self} (curse)
Will    ++++.      Clarity  +   C - +2 pair of boots "Perceptive Ordeal" {Melee, Self} (curse)
Stlth   ..........              p - amulet "Bound Together" {Regen+, Self, Melee} (curse)
HPRegen 2.10/turn               w - ring "Circumscribed With Me" {rElec rC+ AC+4 Dex+3, Melee, Self} (curse)
MPRegen 0.19/turn               l - ring of the Lashed Submission {Drain +Blink Will+ Int+3, Fort, Bglg} (curse)

@: studying Shields
A: cold resistance 1, negative energy resistance 3, torment resistance 2, heat
vulnerability 1, in touch with death 2, no potions
0: Orb of Zot
}: 3/15 runes: barnacled, silver, gossamer
a: Renounce Religion, Evoke Blink, Shatter the Chains


You escaped.
You worshipped Ashenzari.
Ashenzari was exalted by your worship.
You visited 11 branches of the dungeon, and saw 52 of its levels.
You visited 1 bazaar.
You also visited: Bailey and Gauntlet.

You collected 10773 gold pieces.
You spent 2722 gold pieces at shops.

Inventory:

Hand Weapons
 a - the cursed +6 broad axe "Prophetic Adversity" (weapon) {freeze, Fort, Self}
   (You found it on level 15 of the Dungeon)

   It freezes those it strikes, dealing additional cold damage.
   It can also slow down cold-blooded creatures.
   It has a curse which improves the following skills: Fortitude: Armour and
   Shields.
   Introspection: Fighting and Spellcasting.
Missiles
 e - 2 silver boomerangs
 j - 16 silver javelins (quivered)
 u - 4 javelins
 B - 42 boomerangs
 G - 14 throwing nets
 O - 11 curare-tipped darts
Armour
 b - a +1 pair of gloves of strength
 o - the cursed +0 hat "Profound Sorrow" (worn) {Str+4 Int+4, Self, Melee}
   (You acquired it on level 7 of the Dungeon)

   Str:       It affects your strength (+4).
   Int:       It affects your intelligence (+4).
   It has a curse which improves the following skills: Introspection: Fighting
   and Spellcasting.
   Melee Combat: Short Blades, Long Blades, Axes, Maces & Flails, Polearms,
   Staves and Unarmed Combat.
 r - the cursed +1 pair of gloves "Ruined Entitlement" (worn) {Int+2 Dex+5, Fort, Self}
   (You found it on level 1 of the Elven Halls)

   Int:       It affects your intelligence (+2).
   Dex:       It affects your dexterity (+5).
   It has a curse which improves the following skills: Fortitude: Armour and
   Shields.
   Introspection: Fighting and Spellcasting.
 C - the cursed +2 pair of boots "Perceptive Ordeal" (worn) {Melee, Self}
   (You found it on level 9 of the Dungeon)

   It has a curse which improves the following skills: Melee Combat: Short
   Blades, Long Blades, Axes, Maces & Flails, Polearms, Staves and Unarmed
   Combat.
   Introspection: Fighting and Spellcasting.
 F - the cursed +10 plate armour "Bitterness of Ashenzari" (worn) {rF+, Fort, Self}
   (You bought it in a shop on level 9 of the Dungeon)

   It has a curse which improves the following skills: Fortitude: Armour and
   Shields.
   Introspection: Fighting and Spellcasting.
 J - the cursed +8 tower shield of the Unyielding Gaze (worn) {Drain Regen+ rCorr Int-2 Dex+9, Range, Fort}
   (You took it off Louise on level 1 of the Shoals)

   Int:       It affects your intelligence (-2).
   Dex:       It affects your dexterity (+9).
   Regen:     It increases your rate of health regeneration.
   rCorr:     It protects you from acid and corrosion.
   Drain:     It drains your maximum health when unequipped.
   It has a curse which improves the following skills: Ranged Combat: Slings,
   Bows, Crossbows and Throwing.
   Fortitude: Armour and Shields.
 T - the cursed scarf of the Sibylline Seer (worn) {rC+ rF+, Fort, Self}
   (You found it on level 4 of the Spider Nest)

   It has a curse which improves the following skills: Fortitude: Armour and
   Shields.
   Introspection: Fighting and Spellcasting.
Jewellery
 l - the cursed ring of the Lashed Submission (right hand) {Drain +Blink Will+ Int+3, Fort, Bglg}
   (You found it on level 3 of the Elven Halls)

   [ring of willpower]

   Int:       It affects your intelligence (+3).
   +Blink:    It lets you blink.
   Drain:     It drains your maximum health when unequipped.
   Will:      It increases your willpower.
   It has a curse which improves the following skills: Fortitude: Armour and
   Shields.
   Beguiling: Conjurations, Hexes and Translocations.
 p - the cursed amulet "Bound Together" (around neck) {Regen+, Self, Melee}
   (You found it on level 2 of the Depths)

   [amulet of regeneration]

   Regen:     It increases your rate of health regeneration.
   It has a curse which improves the following skills: Introspection: Fighting
   and Spellcasting.
   Melee Combat: Short Blades, Long Blades, Axes, Maces & Flails, Polearms,
   Staves and Unarmed Combat.
 w - the cursed ring "Circumscribed With Me" (left hand) {rElec rC+ AC+4 Dex+3, Melee, Self}
   (You took it off a deep elf annihilator on level 3 of the Elven Halls)

   [ring of protection]

   AC:        It affects your AC (+4).
   Dex:       It affects your dexterity (+3).
   rC:        It protects you from cold.
   rElec:     It insulates you from electricity.
   It has a curse which improves the following skills: Melee Combat: Short
   Blades, Long Blades, Axes, Maces & Flails, Polearms, Staves and Unarmed
   Combat.
   Introspection: Fighting and Spellcasting.
 K - the amulet "Opei" {Spirit Fly Will++ rCorr Int-3}
   (You took it off a death knight on level 3 of the Crypt)

   [amulet of guardian spirit]

   It causes incoming damage to be divided between your reserves of health and
   magic.
   Int:       It affects your intelligence (-3).
   Fly:       It grants you flight.
   rCorr:     It protects you from acid and corrosion.
   Will:      It greatly increases your willpower.
 R - an amulet of the acrobat
Wands
 n - a wand of acid (31)
 s - a wand of iceblast (45)
 v - a wand of flame (65)
 x - a wand of polymorph (31)
 E - a wand of paralysis (33)
 I - a wand of charming (15)
 N - a wand of digging (8)
Scrolls
 c - 5 scrolls of enchant weapon
 d - 4 scrolls of amnesia
 f - 18 scrolls of vulnerability
 g - 17 scrolls of immolation
 h - 62 scrolls of identify
 i - 18 scrolls of teleportation
 k - 3 scrolls of blinking
 m - 7 scrolls of brand weapon
 t - 7 scrolls of fog
 y - a scroll of silence
 A - 13 scrolls of magic mapping
 D - 3 scrolls of torment
 H - 12 scrolls of fear
 M - 5 scrolls of enchant armour
Miscellaneous
 q - a phantom mirror
 z - a box of beasts


   Skills:
 - Level 19.0(27) Fighting
 - Level 16.0(22.1) Axes
 - Level 13.4(16.0) Throwing
 - Level 19.0(27) Armour
 + Level 15.7 Dodging
 - Level 21.8(27) Shields
 - Level 12.0 Evocations


You had 27 spell levels left.
You didn't know any spells.
Your spell library contained the following spells:

 Spells                   Type           Power      Damage    Failure   Level
 Animate Skeleton         Necr           4%         N/A       45%         1
 Freeze                   Ice            4%         1d3       45%         1
 Pain                     Necr           8%         1d4       45%         1
 Sting                    Tmut/Pois      4%         1d3       45%         1
 Static Discharge         Conj/Air       1%         N/A       56%         2
 Corpse Rot               Necr/Air       4%         N/A       58%         2
 Poisonous Vapours        Pois/Air       2%         N/A       58%         2
 Gell's Gravitas          Tloc           2%         N/A       78%         3
 Portal Projectile        Hex/Tloc       4%         N/A       78%         3
 Teleport Other           Tloc           2%         N/A       78%         3
 Tukima's Dance           Hex            2%         N/A       78%         3
 Conjure Flame            Conj/Fire      1%         6-21      80%         3
 Inner Flame              Hex/Fire       1%         N/A       80%         3
 Stone Arrow              Conj/Erth      2%         3d7       80%         3
 Summon Guardian Golem    Hex/Summ       1%         N/A       80%         3
 Mephitic Cloud           Conj/Pois/Air  1%         N/A       82%         3
 Frozen Ramparts          Ice            2%         1d2       83%         3
 Ignite Poison            Fire/Tmut/Pois 1%         N/A       83%         3
 Ozocubu's Armour         Ice            1%         N/A       83%         3
 Vampiric Draining        Necr           2%         2d6       83%         3
 Cause Fear               Hex            1%         N/A       99%         4
 Dispel Undead            Necr           2%         3d7       99%         4
 Flame Wave               Conj/Fire      1%         2d4       99%         4
 Hailstorm                Conj/Ice       1%         3d3       99%         4
 Leda's Liquefaction      Hex/Erth       0%         N/A       99%         4
 Olgreb's Toxic Radiance  Pois           1%         N/A       99%         4
 Passage of Golubria      Tloc           2%         N/A       99%         4
 Petrify                  Tmut/Erth      1%         N/A       99%         4
 Sticky Flame             Conj/Fire      1%         2d3       99%         4
 Summon Ice Beast         Ice/Summ       1%         N/A       99%         4
 Agony                    Necr           2%         N/A       100%        5
 Alistair's Intoxication  Tmut/Pois      0%         N/A       100%        5
 Borgnjor's Vile Clutch   Necr/Erth      1%         N/A       100%        5
 Excruciating Wounds      Necr           1%         N/A       100%        5
 Freezing Cloud           Conj/Ice/Air   0%         6-21      100%        5
 Lightning Bolt           Conj/Air       0%         1d11      100%        5
 Metabolic Englaciation   Hex/Ice        0%         N/A       100%        5
 Silence                  Hex/Air        0%         N/A       100%        5
 Summon Mana Viper        Hex/Summ       1%         N/A       100%        5
 Yara's Violent Unravell  Hex/Tmut       0%         3d3       100%        5
 Conjure Ball Lightning   Conj/Air       0%         3x3d6     100%        6
 Death Channel            Necr           1%         N/A       100%        6
 Dispersal                Tloc           1%         N/A       100%        6
 Eringya's Noxious Bog    Tmut/Pois      0%         N/A       100%        6
 Starburst                Conj/Fire      0%         6d3       100%        6
 Monstrous Menagerie      Summ           0%         N/A       100%        7
 Orb of Destruction       Conj           1%         9d5       100%        7
 Ozocubu's Refrigeration  Ice            0%         4d5       100%        7
 Spellforged Servitor     Conj/Summ      0%         N/A       100%        7
 Summon Hydra             Summ           0%         N/A       100%        7
 Discord                  Hex            1%         N/A       100%        8
 Disjunction              Tloc           1%         N/A       100%        8
 Ignition                 Fire           0%         3d3       100%        8
 Lehudib's Crystal Spear  Conj/Erth      0%         10d2      100%        8
 Maxwell's Capacitive Co  Air            0%         ∞         100%        8
 Chain Lightning          Conj/Air       0%         2d1       100%        9
 Dragon's Call            Summ           0%         N/A       100%        9
 Fire Storm               Conj/Fire      0%         6d1       100%        9
 Shatter                  Erth           0%         3d5*      100%        9
 Sublimation of Blood     Necr           Unusable   N/A       N/A         2
 Wereblood                Tmut           Unusable   N/A       N/A         2
 Ice Form                 Ice/Tmut       Unusable   N/A       N/A         4
 Blade Hands              Tmut           Unusable   N/A       N/A         5
 Statue Form              Tmut/Erth      Unusable   N/A       N/A         6
 Dragon Form              Tmut           Unusable   N/A       N/A         7

Dungeon Overview and Level Annotations

Branches:
Dungeon (15/15)            Temple (1/1) D:5            Lair (6/6) D:11
 Shoals (4/4) Lair:3       Spider (4/4) Lair:4        Slime (0/5) Lair:5
    Orc (2/2) D:12            Elf (3/3) Orc:2        Vaults (5/5) D:14
  Crypt (3/3) Vaults:3       Tomb (0/3) Crypt:3      Depths (4/4) D:15
    Zot (5/5) Depths:4     Bailey (visited)         Gauntlet (visited)

Altars:
Ashenzari
Cheibriados
Dithmenos
Fedhas
Gozag
Hepliaklqana
Kikubaaqudgha
Makhleb
Okawaru
Qazlal
Ru
Sif Muna
Trog
Uskayaw
Vehumet
Wu Jian
Xom
Yredelemnul
The Shining One
Beogh
Lugonu

Shops:
D:9 [   Orc:2 ?[((?   Elf:1 (*(   Shoals:1 *=   Vaults:4 :   Vaults:5 *
Depths:2 *

Portals:
Hell: Lair:6 Depths:1 Depths:2 Depths:3 Depths:4
Abyss: D:4 Depths:3
Pandemonium: Depths:2
Ziggurat: Depths:2

Annotations:
D:8 Erica
Lair:1 exclusion: 3 oklob plants
Lair:5 Nessos
Orc:2 3 runed translucent doors, FlatIsJustice's ghost, journeyman TeAE; Saint Roka
Zot:5 1 runed translucent door, Gebug's ghost, legendary GrBe


Innate Abilities, Weirdness & Mutations

You are immune to poison.
Your flesh is cold resistant. (rC+)
You are immune to negative energy. (rN+++)
You are immune to unholy pain and torment.
You are vulnerable to heat. (rF-)
You are strongly in touch with the powers of death.
You do not drink.


Message History

There is a stone staircase leading down here.
You slash the sun demon! You freeze the sun demon.
The sun demon is almost dead.
You hit the sun demon. You freeze the sun demon.
You kill the sun demon!
(D) Dungeon (T) Temple (L) Lair (A) Shoals (N) Spider Nest (M) Slime Pits (O) Orcish Mines (E) Elven Halls (V) Vaults (C) Crypt (W) Tomb (U) Depths (H) Hell (Z) Zot
Where to? (Enter - D:1, ? - help)
What level of the Dungeon? (default 1, ? - help)
There is an open door here.
HP restored.
You open the door.
There is an open door here.
Things that are here:
a +0 club; a +0 robe; a +0 club
There is a stone staircase leading up here.
You climb upwards.
There is a stone staircase leading down here.
There is a stone staircase leading up here.
You climb upwards.
There is a stone staircase leading down here.
There is a stone staircase leading up here.
You climb upwards.
There is a stone staircase leading down here.
There is an open door here.
You see here a +0 dagger.
There is a stone staircase leading up here.
You climb upwards.
There is a stone staircase leading down here.
There is a stone staircase leading up here.
You climb upwards.
There is a stone staircase leading down here.
Things that are here:
a stone; a +0 whip
There is an open door here.
There is an open door here.
There is a staircase leading out of the dungeon here.
You have escaped!

.#.####.#........#......####.##)#
.#..###.#........#......####.##.#
.##.###.#........#......####.##.#
.##.....'........'......'....##.#
.###..#.#........#......#######.#
####..#.#........#####.########.#
##.#..#.#.....)..#####..........#
##...{..###################.#####
#.##.#.....####@##.##..#.#.#####
##..........#####..##...#...#####
............#####...........#####
###.........#####...........#####
.......>....####..#.#...#!..#####
...........{####>.#.#####.##### #
#######.....# ##################
#.....# #........# ######.....#
#.######.#


There were no monsters in sight!

Vanquished Creatures
  4 dread liches (Zot:5)
  Khufu (Crypt:2)
  3 orbs of fire (Zot:5)
  5 ancient liches
  A juggernaut (Depths:3)
  Vv (Crypt:1)
  Josephina (Zot:1)
  Bai Suzhen (Spider:2)
  2 curse toes
  6 Killer Klowns
  13 golden dragons
  Nikola (Elf:1)
  Arachne (Spider:3)
  A profane servitor (Crypt:3)
  2 bone dragons
  A Brimstone Fiend (Zot:1)
  6 electric golems
  2 hellephants (Crypt:1)
  16 tentacled monstrosities
  Zenata (Elf:3)
  2 walking earthen tomes (Depths:2)
  28 Orb Guardians
  A Hell Sentinel (Zot:1)
  Asterion (Spider:3)
  6 liches
  4 deep elf blademasters
  6 quicksilver dragons
  2 deep elf master archers (Elf:3)
  5 titans
  9 death cobs
  2 ancient champions
  Polyphemus (Shoals:3)
  4 krakens (Shoals:4)
  6 sphinxes
  3 tengu reavers
  12 shadow dragons
  16 storm dragons
  Ilsuiw (Shoals:2)
  Kirke (Lair:5)
  9 draconian monks
  Donald (Spider:1)
  A revenant (Crypt:3)
  10 deep elf sorcerers
  6 draconian knights
  10 frost giants
  9 fire giants
  10 ghost moths
  Louise (Shoals:1)
  3 emperor scorpions (Spider:4)
  Aizul (Elf:1)
  4 balrugs
  3 iron dragons
  A juggernaut zombie (Crypt:1)
  5 draconian scorchers
  2 deep elf elementalists (Elf:3)
  9 vault wardens
  7 draconian shifters
  17 ironbound preservers
  3 spriggan defenders
  3 curse skulls
  11 draconian annihilators
  12 ghouls
  A demonspawn blood saint (Depths:4)
  20 very ugly things
  16 stone giants
  3 war gargoyles (Vaults:5)
  2 broodmothers
  8 vampire knights
  4 ironbound thunderhulks
  A demonspawn black sun (Depths:4)
  11 deep elf demonologists
  16 green draconians
  11 purple draconians
  16 black draconians
  5 entropy weavers
  11 white draconians
  2 pale draconians (Depths:4)
  13 yellow draconians
  10 deep elf annihilators
  13 red draconians
  A spark wasp (shapeshifter) (Depths:3)
  9 spark wasps
  14 dire elephants
  14 deep elf death magi
  The ghost of gabibbone the Zephyrmancer, a journeyman DrAE of Gozag (D:12)
  8 eidola
  A crystal guardian (Vaults:3)
  12 fire dragons
  A mummy priest (Crypt:3)
  13 ettins
  4 spectral elves (Elf:2)
  Snorg (Lair:5)
  6 deep elf high priests
  8 jiangshi (Crypt:1)
  2 merfolk javelineers
  2 spriggan zombies (Crypt:3)
  5 great orbs of eyes
  4 merfolk impalers
  12 yaktaur captains
  The ghost of Imih Yreu the Cleaver, a journeyman MiFi of Okawaru (D:12)
  The ghost of Wuyxi the Thaumaturge, a journeyman GrEE of Vehumet (D:12)
  4 boulder beetles
  4 rakshasas
  38 vault guards
  6 hydras
  A peacekeeper (Vaults:3)
  19 ice dragons
  3 spriggan air magi
  2 alligator snapping turtles
  9 merfolk aquamancers
  2 radroaches
  10 ironbound frosthearts
  2 ogre magi
  A jorogumo (shapeshifter) (D:14)
  2 jorogumos (Spider:4)
  A spriggan skeleton (Crypt:2)
  5 deep troll earth magi
  5 two-headed ogres
  7 death knights
  A catoblepas (Shoals:3)
  22 dancing weapons
  8 death yaks
  4 satyrs
  9 centaur warriors
  4 deep troll shamans
  6 vampire magi
  4 orc high priests
  10 tengu warriors
  3 spriggan berserkers
  7 soul eaters
  12 hell knights
  A titan zombie (Crypt:3)
  6 spriggans
  A shock serpent (shapeshifter) (Depths:4)
  9 deep elf knights
  Nergalle (D:10)
  15 sun demons
  6 iron trolls
  3 pharaoh ants
  A storm dragon skeleton (Crypt:2)
  53 deep trolls
  2 shadow wraiths (Elf:2)
  20 skeletal warriors
  23 sea snakes
  A steelbarb worm (shapeshifter) (Depths:2)
  An elf simulacrum (Elf:2)
  A salamander mystic (Depths:4)
  A ghost moth zombie (Crypt:2)
  A golden dragon skeleton (Crypt:1)
  The ghost of QuickerDeath the Fighter, a novice MiGl of Wu Jian (D:5)
  A deep troll (shapeshifter) (Depths:1)
  15 orb spiders
  A lindwurm (shapeshifter) (Vaults:5)
  4 steelbarb worms
  11 deep elf archers
  5 lindwurms
  2 spriggan simulacra (Crypt:2)
  An orange crystal statue (Zot:5)
  2 bunyip skeletons
  3 swamp dragons (Depths:4)
  6 flayed ghosts
  4 glowing orange brains
  10 wizards
  9 harpies
  13 ironbound convokers
  33 deep elf pyromancers
  A shadow dragon zombie (Crypt:3)
  19 phantasmal warriors
  5 necromancers
  4 orc knights
  26 deep elf zephyrmancers
  A manticore (shapeshifter) (Vaults:5)
  5 orc sorcerers
  17 wolf spiders
  2 cyclopes
  An iron dragon zombie (Crypt:1)
  4 salamanders (Depths:4)
  43 ugly things
  28 fauns
  11 manticores
  A stone giant zombie (Crypt:1)
  An oklob plant (Lair:6)
  2 cyclopes (shapeshifter)
  18 moths of wrath
  18 elephants
  18 merfolk sirens
  2 naga zombies (Crypt:3)
  3 black mambas
  2 dire elephant zombies (Crypt:3)
  2 smoke demons (Depths:4)
  6 torpor snails
  16 vault sentinels
  6 water nymphs
  A water nymph (shapeshifter) (Elf:3)
  2 orange demons (Lair:6)
  An unseen horror (shapeshifter) (Vaults:5)
  14 cane toads
  3 unseen horrors
  A shock serpent skeleton (Crypt:1)
  A black draconian zombie (Crypt:2)
  3 hellions
  4 demonic crawlers
  37 yaktaurs
  11 freezing wraiths
  A kobold demonologist (D:11)
  An efreet (D:15)
  2 storm dragon simulacra (Zot:1)
  An ice devil (Depths:4)
  8 rime drakes
  4 tengu conjurers
  A golden dragon simulacrum (Zot:1)
  7 komodo dragons
  4 hellwings
  A guardian mummy (Crypt:3)
  3 harpy zombies
  A pale draconian skeleton (Crypt:2)
  A hydra zombie (Crypt:3)
  5 red devils
  12 merfolk
  6 meliai
  24 tarantellas
  2 polar bears
  4 trolls
  6 wind drakes
  A hornet (shapeshifter) (Elf:2)
  11 hornets
  10 blink frogs
  2 tarantellas (shapeshifter)
  A harpy skeleton (Crypt:2)
  Prince Ribbit (D:8)
  32 slime creatures
  8 dream sheep
  9 snapping turtles
  3 air elementals
  9 wraiths
  26 jumping spiders
  A shadow (Crypt:3)
  15 culicivoras
  A flying skull (Elf:2)
  A spriggan (shapeshifter) (D:14)
  24 water elementals
  7 wyverns
  An ushabti (Crypt:3)
  19 yaks
  2 vampires (Elf:2)
  5 basilisks
  2 black mamba skeletons (Crypt:1)
  3 hogs (Lair:5)
  2 golden eyes (Depths:4)
  A basilisk (shapeshifter) (Vaults:5)
  A neqoxec (Depths:2)
  3 fire elementals
  35 redbacks
  A human (shapeshifter) (D:13)
  4 steam dragons
  A white draconian simulacrum (Zot:1)
  2 vampire mosquitoes (D:13)
  A demonspawn zombie (Crypt:1)
  7 wargs
  16 water moccasins
  An acid dragon (D:14)
  A merfolk skeleton (Crypt:1)
  An ogre zombie (Vaults:4)
  7 hell hounds
  A moth of wrath simulacrum (Zot:1)
  3 sky beasts
  An ettin simulacrum (Vaults:4)
  An ice beast (D:6)
  31 orc warriors
  3 black bears
  A blink frog zombie (Crypt:2)
  13 wolves
  3 human skeletons
  7 ogres
  26 centaurs
  10 kobold brigands
  3 phantoms
  5 earth elementals
  Blork the orc (D:6)
  10 bullfrogs
  17 necrophages
  3 gnoll sergeants
  A scorpion (D:5)
  2 wyvern skeletons (Crypt:3)
  8 wights
  A cyclops skeleton (Crypt:1)
  11 killer bees (D:10)
  A queen bee zombie (Crypt:1)
  A polar bear skeleton (Crypt:1)
  2 howler monkeys (D:8)
  2 vampire bats (Lair:6)
  An electric eel (D:7)
  A centaur zombie (Crypt:2)
  4 hounds (D:6)
  2 jellies
  3 gnoll shamans
  17 orc priests
  An iguana (D:7)
  8 hell rats
  28 orc wizards
  4 mummies
  8 adders
  23 gnolls
  2 river rats (Lair:2)
  A howler monkey skeleton (Crypt:1)
  A swamp drake zombie (Crypt:2)
  A shadow imp (D:7)
  2 white imps
  2 ufetubi
  An iguana skeleton (Crypt:2)
  2 worms
  109 orcs
  5 endoplasms
  4 giant cockroaches
  11 goblins
  5 hobgoblins
  6 jackals
  7 quokkas
  3 ball pythons
  A ball python skeleton (Crypt:2)
  8 bats
  4 frilled lizards
  35 kobolds
  10 rats
  A butterfly (D:5)
  14 tentacles (Shoals:4)
  2 withered plants (Crypt:3)
2295 creatures vanquished.

Vanquished Creatures (collateral kills)
  A hydra (Lair:1)
1 creature vanquished.

Vanquished Creatures (others)
  An ancient lich (Vaults:5)
  An iron dragon (Depths:3)
  A wizard (Vaults:2)
  A swamp worm zombie (Crypt:2)
  2 jumping spiders (Spider:4)
  2 humans (Lair:5)
  34 fungi
  2 lurking horrors (D:4)
  96 plants
  65 tentacles (Shoals:4)
  7 withered plants
212 creatures vanquished.

Grand Total: 2508 creatures vanquished

Notes
Turn   | Place    | Note
-------+----------+-------------------------------------------
     0 | D:1      | Aelig the Mummy Fighter began the quest for the Orb.
     0 | D:1      | Reached XP level 1. HP: 18/18 MP: 1/1
   254 | D:1      | Reached XP level 2. HP: 23/24 MP: 2/2
  1429 | D:2      | Gained mutation: You are in touch with the powers of death.
                  | [Mummy growth]
  1429 | D:2      | Reached XP level 3. HP: 18/29 MP: 3/3
  2298 | D:3      | Reached XP level 4. HP: 24/35 MP: 4/4
  2557 | D:3      | Found a shimmering altar of Xom.
  3073 | D:4      | Reached XP level 5. HP: 41/41 MP: 5/5
  3206 | D:4      | Reached skill level 5 in Axes
  3288 | D:4      | Found a corrupted altar of Lugonu.
  3296 | D:4      | Found a one-way gate to the infinite horrors of the Abyss.
  3389 | D:4      | Found an ornate altar of the Wu Jian Council.
  3908 | D:5      | Entered Level 5 of the Dungeon
  3908 | D:5      | Noticed a phantom
  3917 | D:5      | Killed a phantom
  3918 | D:5      | Reached XP level 6. HP: 46/47 MP: 6/6
  4221 | D:5      | Noticed a sky beast
  4232 | D:5      | Killed a sky beast
  4350 | D:5      | Reached XP level 7. HP: 47/52 MP: 7/7
  4475 | D:5      | Found a staircase to the Ecumenical Temple.
  4489 | Temple   | Entered the Ecumenical Temple
  4571 | Temple   | Became a worshipper of Ashenzari the Shackled
  4744 | D:5      | Found a runed translucent gate.
  4744 | D:5      | Found a runed translucent gate.
  4744 | D:5      | Found a runed translucent gate.
  4746 | D:5      | Noticed QuickerDeath's ghost (novice MiGl)
  5367 | D:6      | Noticed a two-headed ogre
  5414 | D:6      | Reached XP level 8. HP: 50/58 MP: 8/8
  6009 | D:6      | Noticed Blork the orc
  6017 | D:6      | Killed Blork the orc
  6526 | D:7      | Reached skill level 10 in Axes
  6825 | D:7      | Reached * piety under Ashenzari
  6825 | D:7      | Identified a scroll of acquirement
  6826 | D:7      | Acquired the +0 hat "Xiupriag" {Str+4 Int+4}
  6853 | D:7      | Reached XP level 9. HP: 65/65 MP: 9/9
  7463 | D:8      | Noticed Prince Ribbit
  7511 | D:8      | Killed Prince Ribbit
  7845 | D:8      | Reached ** piety under Ashenzari
  7859 | D:8      | Found a flagged portal.
  7875 | Bailey   | Entered a bailey
  8173 | Bailey   | Identified the +2 leather armour "Osiuhuos" {-Tele Will-
                  | Regen+ rCorr}
  8174 | Bailey   | Identified the +9 dire flail "Aelig's Death" {protect,
                  | rPois rC+ Str+9 Int-3}
  8407 | Bailey   | Reached skill level 5 in Fighting
  8415 | Bailey   | Found an iron altar of Okawaru.
  8491 | D:8      | Noticed Erica
  8500 | D:8      | Identified the +2 short sword of Yredelemnul's Grace
                  | {distort, rPois Int+2}
  8591 | D:8      | Reached XP level 10. HP: 74/74 MP: 10/10
  8771 | D:9      | Found Raquop's Armour Emporium.
  8912 | D:9      | Noticed a catoblepas
  9693 | D:9      | Found a sacrificial altar of Ru.
  9693 | D:9      | Found a shimmering blue altar of Sif Muna.
  9752 | D:10     | Entered Level 10 of the Dungeon
  9815 | D:10     | Noticed a two-headed ogre
 10099 | D:10     | Noticed a two-headed ogre
 10123 | D:10     | Killed a two-headed ogre
 10296 | D:10     | Noticed Nergalle
 10329 | D:10     | Killed Nergalle
 10395 | D:10     | Found an iron altar of Okawaru.
 10396 | D:10     | Found a shadowy altar of Dithmenos.
 10511 | D:10     | Reached XP level 11. HP: 57/87 MP: 11/11
 10712 | D:10     | Killed a two-headed ogre
 11722 | D:11     | Reached *** piety under Ashenzari
 11807 | D:9      | Bought a +4 plate armour of fire resistance for 550 gold
                  | pieces
 12170 | D:11     | Found a staircase to the Lair.
 12170 | D:11     | Noticed a death yak
 13542 | D:12     | Reached skill level 10 in Fighting
 13669 | D:12     | Found a runed translucent gate.
 13669 | D:12     | Found a runed translucent gate.
 13670 | D:12     | Found a runed translucent gate.
 13670 | D:12     | Noticed Imih Yreu's ghost (journeyman MiFi)
 13670 | D:12     | Noticed Wuyxi's ghost (journeyman GrEE)
 13670 | D:12     | Noticed gabibbone's ghost (journeyman DrAE)
 14264 | D:12     | Reached skill level 3 in Shields
 14471 | D:12     | Noticed a cyan ugly thing
 14730 | D:12     | Found a staircase to the Orcish Mines.
 14896 | D:12     | Noticed a two-headed ogre
 14910 | D:12     | Killed a two-headed ogre
 15006 | Orc:1    | Entered Level 1 of the Orcish Mines
 15057 | Orc:1    | Noticed an orc sorcerer
 15142 | Lair:1   | Entered Level 1 of the Lair of Beasts
 15184 | Lair:1   | Reached skill level 4 in Shields
 15504 | Lair:1   | Reached XP level 12. HP: 97/97 MP: 12/12
 15554 | Lair:1   | Reached skill level 5 in Armour
 15554 | Lair:1   | Reached skill level 5 in Shields
 15565 | Lair:1   | Noticed a seven-headed hydra
 15822 | Lair:1   | Killed an 11-headed hydra
 16438 | Lair:2   | Reached **** piety under Ashenzari
 17097 | Lair:2   | Noticed a five-headed hydra
 17251 | Lair:2   | Reached skill level 6 in Shields
 17416 | Lair:3   | Noticed a six-headed hydra
 17941 | Orc:1    | Paralysed by an orc sorcerer for 5 turns
 18229 | Orc:1    | Noticed a two-headed ogre
 18246 | Orc:1    | Killed a two-headed ogre
 18247 | Orc:1    | Reached skill level 1 in Evocations
 18378 | Orc:1    | Reached skill level 7 in Shields
 18658 | Orc:2    | Entered Level 2 of the Orcish Mines
 18658 | Orc:2    | Found a staircase to the Elven Halls.
 18889 | Orc:2    | Noticed an ogre mage
 18889 | Orc:2    | Paralysed by an orc sorcerer for 3 turns
 18914 | Orc:2    | Paralysed by an ogre mage for 2 turns
 19530 | Orc:2    | Killed an ogre mage
 19531 | Orc:2    | Reached skill level 8 in Shields
 19599 | Orc:2    | Found Unaeqy's Weapon Shoppe.
 20120 | Orc:2    | Reached skill level 9 in Shields
 20213 | Orc:2    | Found Uxeneo's Antique Weapon Emporium.
 20269 | Orc:2    | Found Jyxuyl Kyint's Magic Scroll Emporium.
 20277 | Orc:2    | Bought a scroll of fear for 56 gold pieces
 20277 | Orc:2    | Bought 3 scrolls of enchant armour for 360 gold pieces
 20277 | Orc:2    | Bought a scroll of enchant armour for 120 gold pieces
 20537 | Orc:2    | Found Jasho's Magic Scroll Shoppe.
 20544 | Orc:2    | Noticed an orc high priest
 20545 | Orc:2    | Bought a scroll of blinking for 97 gold pieces
 20545 | Orc:2    | Bought a scroll of blinking for 97 gold pieces
 20562 | Orc:2    | Killed an orc high priest
 20563 | Orc:2    | Gained mutation: You are strongly in touch with the powers
                  | of death. [Mummy growth]
 20563 | Orc:2    | Reached XP level 13. HP: 93/108 MP: 13/13
 20645 | Orc:2    | Found a runed translucent gate.
 20646 | Orc:2    | Found a runed translucent gate.
 20651 | Orc:2    | Found a runed translucent gate.
 20655 | Orc:2    | Noticed FlatIsJustice's ghost (journeyman TeAE)
 20893 | Orc:2    | Noticed Saint Roka
 20914 | Orc:2    | Found Kygitt's Antique Armour Shoppe.
 21546 | Orc:2    | Reached skill level 10 in Shields
 22537 | D:14     | Found a gate leading to a gauntlet.
 22572 | Gauntlet | Entered a Gauntlet
 22572 | Gauntlet | Found a transporter.
 22711 | Gauntlet | Identified the +0 hat of Dishonour {Int+4}
 22712 | Gauntlet | Found a transporter.
 22726 | Gauntlet | Found a transporter.
 22731 | Gauntlet | Found a transporter.
 22819 | D:14     | Found a gate to the Vaults.
 24373 | D:14     | Identified the +5 scale mail of Oshud {Str+5 Int-4}
 25113 | Lair:3   | Found a snail-covered altar of Cheibriados.
 25371 | Lair:3   | Found a staircase to the Shoals.
 25439 | Lair:4   | Found a hole to the Spider Nest.
 25652 | Lair:4   | Identified the -2 cloak "Mygas" {rC+ Will- Str+6}
 25918 | Lair:4   | Reached skill level 1 in Throwing
 26414 | Lair:5   | Reached XP level 14. HP: 94/119 MP: 14/14
 26540 | Lair:5   | Noticed Kirke
 26553 | Lair:5   | Noticed a sphinx
 26559 | Lair:5   | Killed Kirke
 26570 | Lair:5   | Noticed Snorg
 26590 | Lair:5   | Killed Snorg
 26852 | Lair:5   | Reached skill level 11 in Shields
 27237 | Lair:5   | Noticed Nessos
 27694 | Lair:6   | Entered Level 6 of the Lair of Beasts
 27803 | Lair:6   | Found a bloodstained altar of Trog.
 28061 | Lair:6   | Reached skill level 5 in Throwing
 28654 | Lair:6   | Found a burning altar of Makhleb.
 29106 | Lair:6   | Found a gateway to Hell.
 30411 | D:14     | Reached XP level 15. HP: 109/132 MP: 13/15
 31125 | D:15     | Entered Level 15 of the Dungeon
 31152 | D:15     | Found a staircase to the Depths.
 31202 | D:15     | Reached skill level 15 in Fighting
 31746 | D:15     | Found an ancient bone altar of Kikubaaqudgha.
 32422 | D:15     | Reached ***** piety under Ashenzari
 32962 | Spider:1 | Entered Level 1 of the Spider Nest
 33667 | Spider:2 | Noticed Donald
 34758 | Spider:1 | Killed Donald
 35854 | Spider:3 | Reached skill level 5 in Evocations
 36284 | Spider:3 | Noticed Asterion
 36546 | Lair:3   | Reached XP level 16. HP: 150/150 MP: 16/16
 37042 | D:5      | Killed QuickerDeath's ghost
 37315 | Elf:1    | Entered Level 1 of the Elven Halls
 37740 | Elf:1    | Noticed a Tzitzimitl
 38268 | Elf:1    | Identified the +1 pair of gloves of the Wild Haggis {Int+2
                  | Dex+5}
 38451 | Elf:1    | Found Izoumo's Weapon Shop.
 38475 | Elf:1    | Noticed a Hell Sentinel
 38953 | Elf:1    | Found Yxeih's Antique Weapon Emporium.
 38984 | Elf:1    | Found Jocsoty's General Store.
 38992 | Elf:1    | Bought a scroll of magic mapping for 42 gold pieces
 38992 | Elf:1    | Bought a scroll of enchant armour for 90 gold pieces
 39048 | Elf:1    | Noticed Nikola
 39678 | Elf:1    | Noticed a Tzitzimitl
 40208 | Elf:1    | Killed Nikola
 40331 | Elf:1    | Paralysed by an air elemental for 1 turns
 40421 | Elf:1    | Noticed Aizul
 40432 | Elf:1    | Killed Aizul
 40532 | Elf:1    | Identified the Handbook of Attacks
 40806 | Elf:2    | Reached skill level 10 in Throwing
 41421 | Elf:2    | Paralysed by an air elemental for 1 turns
 42028 | Elf:2    | Reached skill level 1 in Dodging
 42035 | Elf:2    | Found a runed translucent gate.
 42035 | Elf:2    | Found a runed translucent gate.
 42038 | Elf:2    | Found a runed translucent gate.
 42152 | Elf:2    | Reached XP level 17. HP: 133/153 MP: 14/17
 42959 | Shoals:1 | Entered Level 1 of the Shoals
 42959 | Shoals:1 | Identified the +2 dagger of the Hierophant {elec, Stlth+}
 43030 | Shoals:1 | Found a flickering gateway to a bazaar.
 43049 | Bazaar   | Entered a bazaar
 43049 | Bazaar   | Found Bow Hofo's Weapon Boutique.
 43049 | Bazaar   | Found Cegein's Antique Weapon Shoppe.
 43049 | Bazaar   | Found Vasowum's Armour Shop.
 43049 | Bazaar   | Found Nayliroe's Jewellery Shoppe.
 43051 | Bazaar   | Found Nedobak's Book Shop.
 43051 | Bazaar   | Found Doxoliag's Assorted Antiques.
 43185 | Shoals:1 | Identified the +8 tower shield of Greed {Drain Regen+ rCorr
                  | Int-2 Dex+9}
 43185 | Shoals:1 | Noticed Louise
 43234 | Shoals:1 | Killed Louise
 43994 | Shoals:1 | Found Palor's Jewellery Boutique.
 43994 | Shoals:1 | Found Joqonk's General Store.
 44020 | Shoals:1 | Bought an amulet of the acrobat for 390 gold pieces
 44414 | Shoals:2 | Reached skill level 12 in Shields
 44644 | Shoals:1 | Bought 5 silver javelins for 216 gold pieces
 44916 | Shoals:2 | Noticed Ilsuiw
 44966 | Shoals:2 | Killed Ilsuiw
 45080 | Shoals:2 | Reached skill level 13 in Shields
 45481 | Shoals:3 | Noticed Polyphemus
 45510 | Shoals:3 | Killed Polyphemus
 45867 | Shoals:4 | Entered Level 4 of the Shoals
 45867 | Shoals:4 | Noticed a kraken
 45867 | Shoals:4 | Noticed a kraken
 45867 | Shoals:4 | Noticed a kraken
 45867 | Shoals:4 | Noticed a kraken
 45895 | Shoals:4 | Killed a kraken
 45919 | Shoals:4 | Killed a kraken
 45924 | Shoals:4 | Killed a kraken
 45925 | Shoals:4 | Reached XP level 18. HP: 125/160 MP: 15/18
 45931 | Shoals:4 | Reached skill level 14 in Shields
 46449 | Shoals:4 | Identified the ring "Ohir" {rElec rPois}
 46857 | Shoals:4 | Got a barnacled rune of Zot
 47249 | D:12     | Killed Wuyxi's ghost
 47255 | D:12     | Killed gabibbone's ghost
 47258 | D:12     | Killed Imih Yreu's ghost
 47535 | Spider:3 | Noticed Bai Suzhen
 47564 | Spider:2 | Killed Bai Suzhen
 47723 | Spider:3 | Killed Asterion
 47746 | Spider:4 | Entered Level 4 of the Spider Nest
 47750 | Spider:4 | Reached skill level 15 in Shields
 47840 | Spider:4 | Reached skill level 10 in Armour
 48546 | Spider:4 | Noticed Arachne
 48592 | Spider:3 | Killed Arachne
 48593 | Spider:3 | Reached skill level 16 in Shields
 48965 | Spider:4 | Got a gossamer rune of Zot
 49413 | Vaults:1 | Entered Level 1 of the Vaults
 49664 | Vaults:1 | Reached XP level 19. HP: 154/166 MP: 17/19
 50330 | Vaults:1 | Reached skill level 15 in Axes
 50933 | Vaults:2 | Reached skill level 17 in Shields
 51956 | Vaults:3 | Reached skill level 18 in Shields
 52154 | Vaults:3 | Found a staircase to the Crypt.
 52154 | Vaults:3 | Found a basalt altar of Yredelemnul.
 52155 | Vaults:3 | Found an ancient bone altar of Kikubaaqudgha.
 52239 | Vaults:3 | Reached XP level 20. HP: 59/178 MP: 8/21
 53125 | Vaults:3 | Reached skill level 19 in Shields
 53315 | Vaults:4 | Found Losezu's Book Shop.
 54539 | Elf:3    | Entered Level 3 of the Elven Halls
 54911 | Elf:3    | Identified the +3 robe of the Nine of Wands {rN+}
 54940 | Elf:3    | Noticed Zenata
 54954 | Elf:3    | Identified the +0 scale mail of Fortitude {Contam +Inv
                  | rCorr Str+9}
 54954 | Elf:3    | Identified the +7 short sword of Cataclysm {vorpal, rElec
                  | rF++ rN+ Dex-3}
 54954 | Elf:3    | Identified the +8 rapier of the Past {venom, rC+ Int+4}
 55168 | Elf:3    | Reached skill level 5 in Dodging
 55207 | Elf:3    | Identified the ring of Finemn {rElec rC+ AC+4 Dex+3}
 55299 | Elf:3    | Killed Zenata
 55795 | Elf:3    | Identified the +11 plate armour of the Unseen Realm {rC+
                  | Int+3 Dex+3}
 55795 | Elf:3    | Identified the Guide on the Arsonist and the Snowflakes
 55827 | Elf:3    | Identified the +4 robe of a Thousand Priests {rElec}
 55839 | Elf:3    | Identified the ring "Wediur" {Drain +Blink Will+ Int+3}
 56224 | Elf:2    | Reached XP level 21. HP: 187/187 MP: 20/22
 56737 | Depths:1 | Entered Level 1 of the Depths
 57350 | Depths:2 | Noticed a golden dragon
 57373 | Depths:1 | Killed a golden dragon
 57992 | Depths:2 | Found a one-way gate leading to the halls of Pandemonium.
 58037 | Depths:2 | Found Nirrioq's Assorted Antiques.
 58088 | Depths:2 | Found a one-way gateway to a ziggurat.
 58111 | Depths:2 | Paralysed by a floating eye for 4 turns
 58118 | Depths:2 | Bought a scroll of fear for 154 gold pieces
 58118 | Depths:2 | Bought a scroll of teleportation for 132 gold pieces
 58118 | Depths:2 | Bought a scroll of fear for 154 gold pieces
 58118 | Depths:2 | Bought 2 scrolls of teleportation for 264 gold pieces
 58120 | Depths:2 | Paralysed by a floating eye for 3 turns
 58413 | Depths:2 | Paralysed by a floating eye for 3 turns
 58422 | Depths:2 | Paralysed by a floating eye for 3 turns
 58441 | Depths:2 | Noticed a golden dragon
 58458 | Depths:2 | Killed a golden dragon
 58744 | Depths:2 | Paralysed by a floating eye for 4 turns
 58757 | Depths:2 | Paralysed by a floating eye for 2 turns
 58762 | Depths:2 | Paralysed by a floating eye for 2 turns
 58766 | Depths:2 | Paralysed by a floating eye for 2 turns
 58771 | Depths:2 | Paralysed by a floating eye for 2 turns
 58815 | Depths:3 | Noticed a golden dragon
 59021 | Depths:3 | Reached XP level 22. HP: 187/206 MP: 21/23
 59232 | Depths:3 | Noticed a juggernaut
 59263 | Depths:3 | Killed a juggernaut
 59264 | Depths:3 | Reached skill level 10 in Evocations
 59326 | Depths:3 | Killed a golden dragon
 59510 | Depths:4 | Entered Level 4 of the Depths
 59743 | Depths:4 | Reached skill level 20 in Shields
 59994 | Depths:4 | Identified the +7 chain mail of Duck's Teeth {Rampage rF-
                  | Regen+ Int+6}
 60110 | Depths:4 | Noticed a golden dragon
 60123 | Depths:4 | Killed a golden dragon
 60193 | Depths:4 | Found a gate to the Realm of Zot.
 60785 | Crypt:1  | Entered Level 1 of the Crypt
 60885 | Crypt:1  | Noticed Vv
 60923 | Crypt:1  | Killed Vv
 60925 | Crypt:1  | Identified the +2 scale mail of the Beginning {Harm rElec
                  | Str-4 Int+7}
 61127 | Crypt:1  | Found a huge runed gate.
 61127 | Crypt:1  | Found a huge runed gate.
 61127 | Crypt:1  | Found a huge runed gate.
 61127 | Crypt:1  | Found a huge runed gate.
 61128 | Crypt:1  | Found a huge runed gate.
 61128 | Crypt:1  | Found a huge runed gate.
 61129 | Crypt:1  | Found a huge runed gate.
 61129 | Crypt:1  | Found a huge runed gate.
 61130 | Crypt:1  | Found a huge runed gate.
 61130 | Crypt:1  | Found a huge runed gate.
 61135 | Crypt:1  | Found a huge runed gate.
 61136 | Crypt:1  | Found a huge runed gate.
 61136 | Crypt:1  | Found a huge runed gate.
 61139 | Crypt:1  | Found a huge runed gate.
 61143 | Crypt:1  | Found a huge runed gate.
 61144 | Crypt:1  | Found a huge runed gate.
 61144 | Crypt:1  | Found a huge runed gate.
 61144 | Crypt:1  | Found a huge runed gate.
 61144 | Crypt:1  | Found a huge runed gate.
 61144 | Crypt:1  | Found a huge runed gate.
 61145 | Crypt:1  | Found a huge runed gate.
 61146 | Crypt:1  | Found a huge runed gate.
 61150 | Crypt:1  | Found a huge runed gate.
 61150 | Crypt:1  | Found a huge runed gate.
 61154 | Crypt:1  | Found a huge runed gate.
 61154 | Crypt:1  | Found a huge runed gate.
 61154 | Crypt:1  | Found a huge runed gate.
 61154 | Crypt:1  | Found a huge runed gate.
 61154 | Crypt:1  | Found a huge runed gate.
 61155 | Crypt:1  | Found a huge runed gate.
 61161 | Crypt:1  | Found a huge runed gate.
 61207 | Crypt:1  | Found a huge runed gate.
 61207 | Crypt:1  | Found a huge runed gate.
 61211 | Crypt:1  | Found a huge runed gate.
 61211 | Crypt:1  | Found a huge runed gate.
 61211 | Crypt:1  | Found a huge runed gate.
 61531 | Crypt:1  | Reached XP level 23. HP: 212/213 MP: 24/24
 61612 | Crypt:1  | Found the +3 Mad Mage's Maulers {Infuse+∞ RegenMP Int-3}
 61958 | Crypt:2  | Noticed Khufu
 61986 | Crypt:2  | Killed Khufu
 62201 | Crypt:2  | Identified the +0 chain mail "Qyasiont" {Str+4}
 62628 | Crypt:3  | Entered Level 3 of the Crypt
 62844 | Crypt:3  | Found a staircase to the Tomb.
 63125 | Crypt:3  | Identified the +5 glaive of Dempucill {freeze, *Slow Dex+3
                  | Stlth+}
 63213 | Crypt:3  | Found a basalt altar of Yredelemnul.
 63312 | Crypt:3  | Identified the amulet "Opei" {Spirit Fly Will++ rCorr
                  | Int-3}
 63692 | Crypt:3  | Reached skill level 21 in Shields
 64756 | Vaults:5 | Entered Level 5 of the Vaults
 64782 | Vaults:4 | Reached skill level 15 in Armour
 64958 | Vaults:5 | Noticed an ancient lich
 64959 | Vaults:5 | Noticed an ancient lich
 64969 | Vaults:5 | Found Yzibir's Assorted Antiques.
 64996 | Vaults:5 | Killed an ancient lich
 65016 | Vaults:5 | Killed an ancient lich
 65177 | Vaults:5 | Reached XP level 24. HP: 223/223 MP: 24/24
 65359 | Vaults:5 | Identified the ring "Cujeileley" {Fire rCorr Slay+2}
 65578 | Vaults:5 | Got a silver rune of Zot
 65777 | Vaults:5 | Identified Duinnuphi's Reference Book on Torrid Snow
 65791 | Vaults:5 | Noticed an ancient lich
 65812 | Vaults:5 | Killed an ancient lich
 65893 | Vaults:5 | Identified the +1 robe of the Minstrel {rElec Str+4 Int+4}
 65942 | Vaults:5 | Identified the Almanac of the Mountains and Battle Magic
 66422 | Depths:4 | Reached ****** piety under Ashenzari
 66515 | Zot:1    | Entered Level 1 of the Realm of Zot
 66612 | Zot:1    | Reached skill level 10 in Dodging
 66722 | Zot:1    | Identified the ring "Urhech" {rCorr Slay+4 Stlth+}
 66790 | Zot:1    | Identified the +0 mace of Okijiff {vamp, Will+}
 66981 | Zot:1    | Identified the ring "Nyxaotud" {Ice Str+4 Slay+3}
 66981 | Zot:1    | Noticed Josephina
 67001 | Zot:1    | Killed Josephina
 68128 | Zot:2    | Identified the +8 flail "Caawilof" {pain, *Rage Str+4}
 68268 | Zot:2    | Reached XP level 25. HP: 178/232 MP: 24/24
 68414 | Zot:3    | Identified the +10 mace "Use Ykad" {drain, rN++ Will+ Str-5
                  | SInv}
 70171 | Zot:4    | Noticed a Killer Klown
 70173 | Zot:4    | Noticed a Killer Klown
 70188 | Zot:4    | Killed a Killer Klown
 70192 | Zot:4    | Killed a Killer Klown
 70534 | Zot:5    | Entered Level 5 of the Realm of Zot
 70760 | Zot:5    | Found a runed translucent door.
 70948 | Zot:5    | Identified the ring of Youthful Indiscretion {rF+ Will+
                  | Int+2 Dex+6}
 71221 | Zot:5    | Noticed a dread lich
 71237 | Zot:5    | Killed a dread lich
 71238 | Zot:5    | Reached skill level 15 in Dodging
 71238 | Zot:5    | Reached XP level 26. HP: 242/242 MP: 25/25
 71259 | Zot:5    | Noticed a dread lich
 71282 | Zot:5    | Killed a dread lich
 71336 | Zot:5    | Noticed an orb of fire
 71371 | Zot:5    | Noticed an ancient lich
 71376 | Zot:5    | Noticed an ancient lich
 71378 | Zot:5    | Noticed an orb of fire
 71489 | Zot:5    | Noticed Gebug's ghost (legendary GrBe)
 71490 | Zot:5    | Identified the +7 spear of Eternal Harmony {vorpal, rC+
                  | Str+3}
 71528 | Zot:5    | Killed an ancient lich
 71551 | Zot:5    | Killed an orb of fire
 71658 | Zot:5    | Killed an ancient lich
 71862 | Zot:5    | Noticed an orb of fire
 71868 | Zot:5    | Noticed an ancient lich
 72026 | Zot:5    | Killed an ancient lich
 72089 | Zot:5    | Noticed a dread lich
 72104 | Zot:5    | Killed a dread lich
 72186 | Zot:5    | Killed an orb of fire
 72195 | Zot:5    | Noticed a dread lich
 72341 | Zot:5    | Killed a dread lich
 72657 | Zot:5    | Killed an orb of fire
 72751 | Zot:5    | Got the Orb of Zot
 73239 | D:14     | Noticed Yhas the pandemonium lord
 73561 | D:$      | Escaped with the Orb!

Illustrated notes

Levels and vault maps discovered:
D:1:      minmay_arrival_jagged, layout_basic, nicolae_figureground_pulse
D:2:      layout_basic
D:3:      layout_rooms, lemuel_doored_altar, grunt_ministairs_4,
          minmay_surrounded
D:4:      layout_basic, nicolae_wu_jian_immortal_techniques,
          amcnicky_altar_lugonu_corruption
D:5:      layout_rooms, minmay_temple_entry_butterflies,
          gammafunk_ghost_nasty_kobolds
D:6:      layout_basic, uniq_blork_the_orc
D:7:      layout_gridville, nicolae_lava_and_water, fountainhead,
          patterned_corridor
D:8:      layout_layer_cave, enter_bailey_3, uniq_erica, uniq_prince_ribbit1
D:9:      layout_loops_cross, amethyst_overflow_temple_binary, serial_shops,
          nicolae_stop_n_shop_2
D:10:     layout_roguey, mainiacjoe_overflow_divided_tiny, grunt_decor_cap,
          uniq_nergalle
D:11:     layout_loops_corners, david_lair_generic
D:12:     layout_basic, hiddenorc2_lemuel, portal_ice_cave_entry_pillars_1,
          gammafunk_ghost_cemetery
D:13:     layout_irregular_city
D:14:     layout_grid_maze, erik_vaults_2, wad_floor_pattern_2,
          gauntlet_entry_generic, kennysheep_generic_room_5
D:15:     hangedman_depths_entry_civil_slaughter, layout_irregular_city,
          kiku_gazebo_garden_becter, minmay_puff
Temple:   eino_temple_rhombus
Lair:1:   dpeg_oklob_gauntlet, layout_cave_pods, st_stairs_8,
          serial_bayou_shore_b
Lair:2:   layout_chaotic_city, pond
Lair:3:   wander_river, layout_loops_ring, minmay_shoals_entry_centaurs,
          basic_altar, infiniplex_staircase_pool_2
Lair:4:   layout_cave_pods, nicolae_spider_entry_orb_guardian, lemuel_fruit_tree
Lair:5:   layout_misc_corridors, minmay_slime_entry_oklob_enclosed, uniq_snorg,
          uniq_kirke, uniq_nessos
Lair:6:   evil_forest, layout_regular_city, chequers_serial_rivers_small_a,
          st_stairs_12, small_statue_intersection, roderic_batcave,
          nicolae_quartered_pool_impasse, grunt_forest_stairs_basic,
          lemuel_oklob_altar
Shoals:1: cheibrodos_shoals_three_sisters, layout_shoals, serial_shops,
          bzr_entry_customers, shop, shop, uniq_louise
Shoals:2: layout_shoals, uniq_ilsuiw
Shoals:3: layout_shoals, uniq_polyphemus
Shoals:4: shoals_end_hangedman, layout_shoals, nicolae_shoals_kraken_party
Spider:1: layout_spider_delve, hangedman_spider_tarantella_strand
Spider:2: layout_spider_delve, nicolae_spider_checkerboard, uniq_donald
Spider:3: layout_spider_delve, uniq_asterion, uniq_bai_suzhen
Spider:4: grunt_spider_rune_island, uniq_arachne
Orc:1:    layout_diamond_mine
Orc:2:    grunt_orc_community_town_hall, layout_caves,
          grunt_orc_community_big_house_2, grunt_orc_community_big_house_2,
          grunt_orc_community_house_3, grunt_orc_community_house_2,
          grunt_orc_community_house_2, grunt_orc_community_house_1,
          gammafunk_ghost_necromancy, guppyfry_orc_lava_fort
Elf:1:    elf_arrival_001, layout_gridlike, serial_shops,
          nicolae_shop_overgrown_old_shop, shop, shop_statue,
          minmay_elf_annihilation, grunt_ministairs_13, st_stairs_4, uniq_aizul,
          uniq_nikola
Elf:2:    elven_hall_of_blades_hangedman_original
          [nicolae_blade_entry_pointy_end], layout_geoelf_diagonals,
          nicolae_elf_stone_circles, nicolae_elf_deep_mausoleum
Elf:3:    minmay_elf_hall_hex, layout_geoelf_octagon,
          nicolae_elf_vaults_five_recruitment_drive, uniq_zenata
Vaults:1: vaults_room_grid, nicolae_vaults_shelves_hall, vaults_dpeg_doors,
          nicolae_vaults_stairing_the_circle, v_misc_30, v_alt_pattern_1,
          v_misc_8, v_misc_5, nicolae_vaults_mini_display_case,
          hangedman_vaults_trim, v_misc_10, ontoclasm_vaults_decontamination,
          layout_vaults_ring
Vaults:2: st_lines, vaults_dpeg_diagonal, nicolae_vaults_little_ls, v_misc_2,
          vaults_room_corners, grunt_vaults_hallway_short, vaults_room_corners,
          ontoclasm_vaults_twist, nicolae_vaults_ring_of_whatevers, v_rooms_6,
          hangedman_vaults_pinch, layout_vaults_chaotic_city
Vaults:3: nicolae_vaults_fighting_squares, vaults_mumra_minichess,
          hangedman_vaults_stretched_pinwheel, ontoclasm_vaults_chip,
          minmay_crypt_entry_necro_gods, vaults_room_pools,
          nicolae_vaults_specimen_jars, hangedman_vaults_slice, v_misc_19,
          v_misc_27, nicolae_vaults_little_squares_5, v_misc_17, v_rooms_6,
          layout_vaults_omnibox
Vaults:4: nicolae_vaults_gold_heap, vaults_room_pool,
          nicolae_vaults_little_squares_3, v_misc_16, vaults_room_hallway,
          ontoclasm_vaults_fault, layout_vaults_omnigrid, serial_shops,
          nicolae_diamond_shop
Vaults:5: serial_shops
Crypt:1:  layout_basic, nicolae_crypt_ancient_font, not_door_vault_due, uniq_vv
Crypt:2:  layout_gridlike, serial_corexii_hall, corexii_hall_statues_x,
          chequers_hall_statues_wall_a, minivault_14, uniq_khufu
Crypt:3:  evilmike_haunted_forest
Depths:1: layout_roguey, lightli_too_deep, kennysheep_generic_room_16
Depths:2: hangedman_cross_veins, layout_cave_shapes, enter_ziggurat_d,
          rand_demon_pan_entry_7, hell_entry, serial_shops, shop,
          hangedman_decor_opposing, evilmike_ambush
          [evilmike_ambush_outer_basic, evilmike_ambush_inner_pond]
Depths:3: minmay_blocking_statues, layout_cave_pools, kennysheep_pointless_box,
          pf_hell_entry_tar_spiral, abyss_entry_small_statue_room
Depths:4: evilmike_zot_entry_gauntlet, layout_gridville, hellmouth_3
Zot:1:    layout_basic, st_large_dragon_hoard_4, uniq_josephina
Zot:2:    layout_misc_corridors
Zot:3:    layout_cathedral_of_symmetry, guppyfry_library_mini
Zot:4:    hangedman_zot_vaults_quadrants, layout_onion_interference,
          hangedman_spider_trapstep
Zot:5:    layout_misc_corridors, ebering_ghost_inner_flame

Skill      XL: |  1  2  3  4  5  6  7  8  9 10 11 12 13 14 15 16 17 18 19 20 21 22 23 24 25 26 |
---------------+-------------------------------------------------------------------------------+-----
Axes           | 2 3 4 5 6 7 10 11 12 13 14 15 16 | 16.0
Fighting       | 5 8 10 12 14 16 17 18 19 | 19.0
Armour         | 4 6 7 8 9 10 11 12 13 15 16 17 19 | 19.0
Shields        | 4 9 10 11 13 16 18 19 20 21 | 21.8
Evocations     | 2 5 6 9 11 12 | 12.0
Throwing       | 1 6 8 11 12 13 | 13.4
Dodging        | 1 4 6 7 8 11 15 | 15.7

Action                   |  1- 3 |  4- 6 |  7- 9 | 10-12 | 13-15 | 16-18 | 19-21 | 22-24 | 25-27 || total
-------------------------+-------+-------+-------+-------+-------+-------+-------+-------+-------++-------
Melee: War axe           |   126 |   153 |    42 |       |       |       |       |       |       ||   321
       Hand axe          |       |       |   314 |   952 |  1597 |   136 |       |       |       ||  2999
       Broad axe         |       |       |       |       |       |  1314 |  1602 |  2116 |  1122 ||  6154
Throw: Boomerang         |       |       |    12 |     4 |    38 |    38 |    12 |     2 |       ||   106
       Stone             |       |       |     8 |       |       |       |       |       |       ||     8
       Javelin           |       |       |       |       |       |       |       |       |    37 ||    37
Invok: Curse Item        |       |       |     3 |     6 |     4 |     1 |     5 |     2 |     1 ||    22
       Shatter the Chain |       |       |     1 |     2 |     1 |     4 |     3 |     1 |       ||    12
 Abil: Evoke Blink       |       |       |       |       |       |       |       |    10 |     1 ||    11
Evoke: Wand              |       |       |       |     8 |    23 |       |       |       |       ||    31
  Use: Scroll            |     5 |     1 |     4 |    11 |    10 |     9 |     6 |     3 |    12 ||    61
 Stab: Petrified         |       |       |       |       |       |    11 |       |       |       ||    11
       Distracted        |       |       |       |       |       |       |       |       |     1 ||     1
Armor: Scale mail        |    58 |    80 |    75 |       |       |       |       |       |       ||   213
       Plate armour      |       |       |    16 |   360 |   706 |   519 |   326 |   510 |   293 ||  2730
Dodge: Dodged            |    45 |    80 |   181 |   297 |   460 |   298 |   308 |   539 |   381 ||  2589
Block: Buckler           |    19 |    27 |    46 |   119 |    13 |       |       |       |       ||   224
       Kite shield       |       |       |       |       |   734 |   265 |       |       |       ||   999
       Tower shield      |       |       |       |       |       |  1165 |  1834 |  2619 |  1469 ||  7087

Table legend: (Time is in decaauts)
 A = Elapsed time spent in this place.
 B = Non-inter-level travel time spent in this place.
 C = Inter-level travel time spent in this place.
 D = Time resting spent in this place.
 E = Time spent auto-exploring this place.
 F = Levels seen in this place.
 G = Mean time per level.
                   A        B        C        D        E       F      G
               +--------+--------+--------+--------+--------+-----+--------+
         Total |  71629 |  65024 |   6605 |  15301 |  24910 |  55 | 1302.3 |
       Dungeon |  21952 |  19515 |   2437 |   5847 |   8770 |  15 | 1463.5 |
        Temple |     98 |     83 |     15 |      0 |     69 |   1 |   98.0 |
          Lair |   8705 |   7455 |   1250 |   1734 |   2801 |   6 | 1450.8 |
        Shoals |   4244 |   4084 |    160 |    336 |   1302 |   4 | 1061.0 |
   Spider Nest |   4842 |   4530 |    312 |   1671 |   1163 |   4 | 1210.5 |
  Orcish Mines |   4168 |   4004 |    164 |   1601 |    631 |   2 | 2084.0 |
   Elven Halls |   6651 |   6302 |    349 |   2250 |   1549 |   3 | 2217.0 |
        Vaults |   6438 |   5841 |    597 |    351 |   3373 |   5 | 1287.6 |
         Crypt |   3613 |   3206 |    407 |    194 |   1699 |   3 | 1204.3 |
        Depths |   3998 |   3507 |    491 |    333 |   1249 |   4 |  999.5 |
           Zot |   6061 |   5642 |    419 |    572 |   2265 |   5 | 1212.2 |
        Bazaar |     63 |     63 |      0 |      0 |      0 |   1 |   63.0 |
        Bailey |    570 |    570 |      0 |    285 |     36 |   1 |  570.0 |
      Gauntlet |    218 |    218 |      0 |    127 |      0 |   1 |  218.0 |
               +--------+--------+--------+--------+--------+-----+--------+

Top non-repeatable levels by time:
   Elf:1: 2965 daAuts
   Orc:2: 2894 daAuts
    D:14: 2809 daAuts
    D:12: 2782 daAuts
    D:11: 2417 daAuts
   Elf:2: 2307 daAuts
   Zot:5: 2116 daAuts
 Crypt:3: 1895 daAuts
  Lair:1: 1835 daAuts
  Lair:6: 1673 daAuts
     D:7: 1636 daAuts
Spider:2: 1600 daAuts
  Lair:2: 1512 daAuts
    D:10: 1501 daAuts
    D:15: 1451 daAuts
